 Dungeon Crawl Stone Soup version 0.29.0-4-gdea44cf6ec (webtiles) character file.

Game seed: 11756409249314786952

49 qw the Chopper (level 3, 0/21 HPs)
             Began as a Tengu Warper on Aug 28, 2022.
             Slain by a gnoll
             ... wielding a +0 vorpal halberd
              (1 damage)
             ... on level 2 of the Dungeon.
             The game lasted 00:00:09 (1854 turns).

qw the Chopper (Tengu Warper)                       Turns: 1854, Time: 00:00:10

Health: 0/21       AC:  5    Str: 13    XL:     3   Next: 77%
Magic:  7/7        EV: 10    Int: 13    God:
Gold:   39         SH:  4    Dex: 13    Spells: 6/6 levels left

rFire   . . .      SeeInvis .   Y - +0 hand axe
rCold   . . .      Faith    .   j - +0 buckler
rNeg    . . .      Spirit   .   i - +0 ring mail
rPois   .          Reflect  .   (helmet restricted)
rElec   .          Harm     .   (no cloak)
rCorr   .          Rampage  .   (no gloves)
Will    .....                   (boots unavailable)
Stlth   +.........              (no amulet)
HPRegen 0.07/turn               (no ring)
MPRegen 0.10/turn               (no ring)

@: about to teleport
A: beak, talons 3
a: no special abilities


You were on level 2 of the Dungeon.
You visited 1 branch of the dungeon, and saw 2 of its levels.

You collected 39 gold pieces.


Innate Abilities, Weirdness & Mutations

You have a beak for a mouth.
You have claws for feet.


   Skills:
 - Level 2.0 Fighting
 + Level 4.1 Axes
 - Level 1.0 Throwing
 - Level 1.1 Armour
 - Level 2.1 Dodging
 - Level 1.0 Shields
 - Level 2.0 Spellcasting
 - Level 2.4 Translocations


You had 6 spell levels left.
You didn't know any spells.
Your spell library contained the following spells:

 Spells                   Type           Power      Damage    Failure   Level
 Blink                    Tloc           14%        N/A       38%         2
 Gell's Gravitas          Tloc           7%         N/A       63%         3
 Lesser Beckoning         Tloc           7%         N/A       63%         3
 Teleport Other           Tloc           7%         N/A       63%         3
 Manifold Assault         Tloc           7%         N/A       100%        5

Inventory:

Hand Weapons
 a - a +0 mace
 Y - a +0 hand axe (weapon)
Missiles
 e - 3 boomerangs (quivered)
Armour
 i - a +0 ring mail (worn)
 j - a +0 buckler (worn)
Scrolls
 f - a scroll of teleportation
Potions
 b - a potion of berserk rage {unknown}
 c - 2 potions of lignification {unknown}
 d - a potion of invisibility {unknown}
 g - a potion of attraction {unknown}
 h - a potion of might
 k - a potion of curing {unknown}

Dungeon Overview and Level Annotations

Branches:
Dungeon (2/15)

Altars:

Shops:
D:1 !


Message History

A goblin comes into view. It is wielding a +0 club.
The goblin shouts!
Throw: 3 boomerangs
Press: ? - help, Q - select action Shift-Dir - straight line, f - goblin You throw a boomerang.
The boomerang hits the goblin.
You kill the goblin!
You see here a +0 club.
Found a robe.
Enter note: A gnoll comes into view. It is wielding a +0 spear.
The gnoll shouts!
A hobgoblin comes into view.
The gnoll moves out of view.
1848 ||| Stepping ~*~*~tactically~*~*~ (stealth).
A hobgoblin and 2 gnolls come into view.
A gnoll is wielding a +0 vorpal halberd.
The hobgoblin shouts!
The gnoll shouts! x2
The gnoll misses you.
You see here a +0 robe.
You completely miss the gnoll. You claw the gnoll.
The gnoll is lightly wounded.
The gnoll hits you but does no damage.
You barely miss the gnoll. You claw the gnoll.
The gnoll is heavily wounded.
You hit the gnoll. You hit the hobgoblin but do no damage.
The hobgoblin hits you. You block the gnoll's attack.
The gnoll closely misses you. The gnoll barely misses you.
You hit the gnoll but do no damage. You claw the gnoll.
The gnoll is almost dead.
You hit the gnoll. You hit the hobgoblin but do no damage.
The hobgoblin hits you but does no damage.
You block the gnoll's attack. The gnoll hits you with a +0 flail.
The gnoll hits you with a +0 spear! The gnoll hits you with a +0 spear.
The gnoll barely misses you. The gnoll hits you but does no damage.
The hobgoblin closely misses you.
1854 ||| READING 2 scrolls of teleportation.
As you read the scroll of teleportation, it crumbles to dust.
You feel strangely unstable.
The gnoll hits you from afar with a +0 vorpal halberd.
You die...

##...###
###.....#.#
##.##
#.#.###.# #.
#.#####.# #
#.......#
#.####### #
#.#
####.#######.#
......g...##.#
#.....g@.....#
#....gg##.####
#.....# #.#
#..#.. #.#
#.... #.#
##.## #.# #.
..# # ###


You could see 3 gnolls and a hobgoblin.

Vanquished Creatures
  An adder (D:2)
  3 dart slugs (D:1)
  4 ball pythons
  5 endoplasms
  A giant cockroach (D:1)
  4 goblins
  3 hobgoblins (D:1)
  7 kobolds
  A bat (D:1)
  2 frilled lizards
  A rat (D:1)
32 creatures vanquished.

Vanquished Creatures (others)
  6 plants (D:2)
6 creatures vanquished.

Grand Total: 38 creatures vanquished

Notes
Turn   | Place    | Note
-------+----------+-------------------------------------------
     0 | D:1      | qw the Tengu Warper began the quest for the Orb.
     0 | D:1      | Reached XP level 1. HP: 12/12 MP: 4/4
     0 | D:1      | 0 ||| qw: Version: 0.1-a-89-g26bdef1
     0 | D:1      | 0 ||| qw: Game counter: 338
     0 | D:1      | 0 ||| qw: Always use a shield: true
     0 | D:1      | 0 ||| qw: God list: Okawaru
     0 | D:1      | 0 ||| qw: Allow faded altars: false
     0 | D:1      | 0 ||| qw: Do Orc after D:15 true
     0 | D:1      | 0 ||| qw: Do second Lair branch before Depths: true
     0 | D:1      | 0 ||| qw: Lair rune preference: random
     0 | D:1      | 0 ||| qw: Plans: Normal
     0 | D:1      | 0 ||| PLANNING D:1-11
    79 | D:1      | 79 ||| Stepping ~*~*~tactically~*~*~ (stealth).
    89 | D:1      | 89 ||| Stepping ~*~*~tactically~*~*~ (hiding).
    90 | D:1      | 90 ||| Stepping ~*~*~tactically~*~*~ (hiding).
    98 | D:1      | Reached skill level 3 in Axes
    98 | D:1      | Reached XP level 2. HP: 15/17 MP: 6/6
   101 | D:1      | 101 ||| Stepping ~*~*~tactically~*~*~ (stealth).
   613 | D:1      | 613 ||| Stepping ~*~*~tactically~*~*~ (hiding).
   618 | D:1      | 618 ||| Stepping ~*~*~tactically~*~*~ (hiding).
   736 | D:1      | Reached XP level 3. HP: 19/21 MP: 7/7
   768 | D:1      | Found Jiac's Distillery.
   778 | D:1      | 778 ||| SHOPLISTING 2 potions of curing (60 gold, have 12).
   778 | D:1      | 778 ||| SHOPLISTING potion of curing (30 gold, have 12).
   778 | D:1      | 778 ||| SHOPLISTING potion of mutation (80 gold, have 12).
  1070 | D:1      | 1070 ||| Stepping ~*~*~tactically~*~*~ (stealth).
  1080 | D:1      | Reached skill level 4 in Axes
  1086 | D:1      | 1086 ||| UPGRADING to +0 ring mail.
  1096 | D:1      | 1096 ||| DROPPING +0 leather armour.
  1097 | D:1      | 1097 ||| UPGRADING to +0 buckler.
  1102 | D:1      | 1102 ||| READING 2 scrolls labelled XIELOL XEKUUSM.
  1103 | D:1      | 1103 ||| READING 3 scrolls labelled SEONOURYRI.
  1107 | D:1      | 1107 ||| DRINKING 2 viscous green potions.
  1108 | D:1      | 1108 ||| DROPPING scroll of vulnerability.
  1109 | D:1      | 1109 ||| DROPPING scroll of blinking.
  1149 | D:2      | 1149 ||| STAIRDANCE
  1158 | D:2      | Reached skill level 1 in Shields
  1158 | D:2      | 1158 ||| STAIRDANCE
  1159 | D:1      | HP: 4/21 [poisoned by an adder]
  1162 | D:1      | HP: 1/21 [poisoned by an adder]
  1458 | D:2      | 1458 ||| Stepping ~*~*~tactically~*~*~ (stealth).
  1461 | D:2      | 1461 ||| Stepping ~*~*~tactically~*~*~ (stealth).
  1465 | D:2      | 1465 ||| DROPPING +0 club.
  1466 | D:2      | 1466 ||| Stepping ~*~*~tactically~*~*~ (stealth).
  1848 | D:2      | 1848 ||| Stepping ~*~*~tactically~*~*~ (stealth).
  1853 | D:2      | HP: 5/21 [gnoll/+0 spear (2)]
  1854 | D:2      | 1854 ||| READING 2 scrolls of teleportation.
  1854 | D:2      | HP: 1/21 [gnoll/+0 vorpal halberd (4)]
  1854 | D:2      | Slain by a gnoll

Levels and vault maps discovered:
D:1:      dpeg_arrival_rooms_b, layout_rooms, serial_shops, shop
D:2:      layout_loops_corners, serial_forest, infiniplex_forest_clump_diagonal,
          infiniplex_forest_clump_curved, infiniplex_forest_straight_2,
          infiniplex_forest_zigzag_2, infiniplex_forest_zigzag_1,
          infiniplex_forest_clump_curved, infiniplex_forest_zigzag_2,
          chequers_ecumenical_altar_lobes

Skill      XL: |  1  2  3 |
---------------+----------+-----
Axes           | 3 4 |  4.1
Shields        | 1 |  1.0
Fighting       | |  2.0
Throwing       | |  1.0
Armour         | |  1.1
Dodging        | |  2.1
Spellcasting   | |  2.0
Translocations | |  2.4

Action                   || total
-------------------------++-------
Melee: Hand axe          ||    77
       Peck              ||    10
       Kick              ||    16
Throw: Boomerang         ||     8
  Use: Scroll            ||     3
       Potion            ||     1
Armor: Leather armour    ||    13
       Ring mail         ||     6
Dodge: Dodged            ||    40
Block: Buckler           ||     3

Table legend:
 A = Non-vault XP
 B = Vault XP
 C = Vault XP percentage of total XP
 D = Non-vault monster count
 E = Vault monster count
 F = Vault count percentage of total count
                 A         B        C        D         E       F
            +---------+---------+-------+---------+---------+-------
      Total |      71 |       0 |   0.0 |      32 |       0 |   0.0
            +---------+---------+-------+---------+---------+-------
        D:1 |      47 |       0 |   0.0 |      24 |       0 |   0.0
        D:2 |      24 |       0 |   0.0 |       8 |       0 |   0.0
            +---------+---------+-------+---------+---------+-------
